 Dungeon Crawl Stone Soup version 0.29.0-4-gdea44cf6ec (webtiles) character file.

Game seed: 15233325850886751792

610 qw the Chopper (level 7, -5/43 HPs)
             Began as a Gargoyle Delver on Sept 10, 2022.
             Slain by an orc priest
             ... wielding a +0 trident
              (6 damage)
             ... on level 4 of the Dungeon.
             The game lasted 00:02:21 (7225 turns).

qw the Chopper (Gargoyle Delver)                    Turns: 7225, Time: 00:02:22

Health: -5/43      AC: 10    Str: 17    XL:     7   Next: 43%
Magic:  0/7        EV: 10    Int: 11    God:
Gold:   107        SH:  0    Dex: 11    Spells: 6/6 levels left

rFire   . . .      SeeInvis .   Y - +0 war axe (venom)
rCold   + . .      Faith    .   (no shield)
rNeg    + . .      Spirit   +   j - +0 ring mail
rPois   inf        Reflect  .   (no helmet)
rElec   +          Harm     .   (no cloak)
rCorr   .          Rampage  .   (no gloves)
Will    .....                   (no boots)
Stlth   ++........              a - amulet "Okhoebij" {Spirit Fly rC+}
HPRegen 0.14/turn               (no ring)
MPRegen 0.10/turn               (no ring)

@: flying
A: sickness immunity, AC +4, negative energy resistance 1, electricity
resistance, torment resistance 1, petrification resistance
a: no special abilities


You were on level 4 of the Dungeon.
You visited 1 branch of the dungeon, and saw 5 of its levels.

You collected 107 gold pieces.


Innate Abilities, Weirdness & Mutations

You are immune to sickness and miasma.
Your stone body is resilient. (AC +4)
You are immune to poison.
You resist negative energy. (rN+)
You are resistant to electric shocks. (rElec)
You are resistant to unholy torment.
You are immune to petrification.


   Skills:
 + Level 4.0 Fighting
 - Level 7.0 Axes
 - Level 1.0 Armour
 - Level 1.5 Dodging
 - Level 5.4 Stealth


You had 6 spell levels left.
You didn't know any spells.
Your spell library was empty.

Inventory:

Hand Weapons
 m - a +0 flail
 Y - a +0 war axe of venom (weapon)
Armour
 j - a +0 ring mail (worn)
 l - the +0 robe "Dabiqott" {-Tele rF+ rN+++ Int+2}
   (You found it on level 2 of the Dungeon)

   Int:       It affects your intelligence (+2).
   rF:        It protects you from fire.
   rN:        It renders you almost immune to negative energy.
   -Tele:     It prevents most forms of teleportation.
Jewellery
 a - the amulet "Okhoebij" (around neck) {Spirit Fly rC+}
   (You acquired it on level 3 of the Dungeon)

   [amulet of guardian spirit]

   It causes incoming damage to be divided between your reserves of health and
   magic.
   rC:        It protects you from cold.
   Fly:       It grants you flight.
Wands
 g - a wand of digging (3)
Scrolls
 b - a scroll of identify
 e - a scroll of enchant armour
Potions
 c - a potion of mutation {unknown}
 d - a potion of might
 f - 2 potions of haste
 h - a potion of cancellation {unknown}
 i - a potion of curing
 k - a potion of attraction {unknown}

Dungeon Overview and Level Annotations

Branches:
Dungeon (5/15)
 Temple: D:4-7

Altars:
Cheibriados
Fedhas
Gozag
Yredelemnul
The Shining One

Shops:
D:3 *


Message History

You barely miss the orc priest.
The orc priest is lightly wounded.
The orc priest calls upon Beogh to heal the orc priest.
The orc priest's wounds heal themselves!
The orc priest hits you but does no damage.
You hit the orc priest but do no damage.
The orc priest invokes the aid of Beogh against you.
Pain shoots through your body! The orc priest barely misses you.
You closely miss the orc priest. Your punch misses the orc priest.
The orc priest calls down the wrath of Beogh upon you.
Beogh smites you!
The orc priest begins to cast a cantrip, but forgets the words!
You hit the orc priest.
The orc priest is poisoned.
The orc priest is moderately wounded.
The orc priest hits you but does no damage. x2
You closely miss the orc priest.
The orc priest is heavily wounded.
The orc priest hits you from afar with a +0 trident.
The orc priest barely misses you. The orc priest misses you.
The orc priest closely misses you.
You barely miss the orc priest.
The orc priest is heavily wounded.
The orc priest hits you but does no damage.
The orc priest hits you with a +0 club.
You slash the orc priest!
The orc priest looks as sick as possible!
The orc priest is almost dead.
You kill the orc priest!
The orc priest hits you from afar with a +0 trident.
An orc wizard comes into view. It is wielding a +0 club.
Your Axes skill increases to level 7!
The orc priest hits you with a +0 trident.
Things that are here:
a +0 whip; a +0 robe; a scroll of teleportation You closely miss the orc priest.
The orc priest hits you but does no damage.
You hit the orc priest.
The orc priest is poisoned.
The orc priest is lightly wounded.
The orc priest hits you with a +0 trident.
You die...

#.# #.# #.# #.# # ..#
#.# .# ### ###.# #'## #
#...# #.o.## . # #...#
##.....## #####. #...#
##.......# #....
########...####.@.......
##...#.
..............'.)o......
...... ##
#####...####.........
###)K.#. . ##.)#
##.......# #....... #
##.# ##.....## #.#.####
#.# #...## # #.# #.#
#'## #.# #.########.#
#.. #........#.# ###


You could see an orc priest (very poisoned) and an orc wizard.

Vanquished Creatures
  Sigmund (D:2)
  A howler monkey (D:4)
  A gnoll bouda (D:4)
  An orc priest (D:4)
  Jessica (D:2)
  An iguana (D:4)
  Natasha (D:2)
  3 orc wizards
  A mummy (D:4)
  2 gnolls (D:4)
  4 adders
  4 worms
  A dart slug (D:1)
  17 orcs
  7 bats
  7 endoplasms
  4 giant cockroaches
  6 hobgoblins
  12 jackals
  3 quokkas
  10 ball pythons
  4 frilled lizards
  10 goblins
  2 kobolds (D:4)
  4 rats
108 creatures vanquished.

Vanquished Creatures (others)
  9 plants (D:1)
9 creatures vanquished.

Grand Total: 117 creatures vanquished

Notes
Turn   | Place    | Note
-------+----------+-------------------------------------------
     0 | D:5      | qw the Gargoyle Delver began the quest for the Orb.
     0 | D:5      | Reached XP level 1. HP: 14/14 MP: 1/1
     0 | D:5      | 0 ||| qw: Version: 0.1-a-116-g5d60599
     0 | D:5      | 0 ||| qw: Game counter: 8200
     0 | D:5      | 0 ||| qw: Always use a shield: true
     0 | D:5      | 0 ||| qw: God list: Okawaru
     0 | D:5      | 0 ||| qw: Allow faded altars: false
     0 | D:5      | 0 ||| qw: Do Orc after D:15 true
     0 | D:5      | 0 ||| qw: Do second Lair branch before Depths: true
     0 | D:5      | 0 ||| qw: Lair rune preference: random
     0 | D:5      | 0 ||| qw: Plans: Normal
     0 | D:5      | 0 ||| PLANNING D:1-11
    26 | D:5      | Reached skill level 2 in Axes
    64 | D:5      | 64 ||| Stepping ~*~*~tactically~*~*~ (stealth).
    66 | D:5      | 66 ||| Stepping ~*~*~tactically~*~*~ (stealth).
    68 | D:5      | 68 ||| Stepping ~*~*~tactically~*~*~ (stealth).
    69 | D:5      | 69 ||| Stepping ~*~*~tactically~*~*~ (stealth).
    71 | D:5      | 71 ||| Stepping ~*~*~tactically~*~*~ (stealth).
    75 | D:5      | 75 ||| SWAPPING to +0 war axe.
    76 | D:5      | 76 ||| DROPPING +0 hand axe.
    88 | D:5      | 88 ||| Stepping ~*~*~tactically~*~*~ (stealth).
    95 | D:5      | 95 ||| Stepping ~*~*~tactically~*~*~ (stealth).
    99 | D:5      | Reached XP level 2. HP: 19/19 MP: 2/2
   124 | D:5      | 124 ||| UPGRADING to +0 ring mail.
   134 | D:5      | 134 ||| DROPPING +0 leather armour.
   135 | D:5      | 135 ||| READING 2 scrolls labelled TOCUECSEOTH.
   136 | D:5      | 136 ||| DROPPING scroll of fog.
   137 | D:5      | 137 ||| DROPPING scroll of magic mapping.
   138 | D:5      | 138 ||| DROPPING scroll of fear.
   139 | D:5      | 139 ||| DROPPING scroll of summoning.
   280 | D:4      | 280 ||| Stepping ~*~*~tactically~*~*~ (hiding).
   382 | D:4      | 382 ||| Stepping ~*~*~tactically~*~*~ (stealth).
   384 | D:4      | 384 ||| Stepping ~*~*~tactically~*~*~ (hiding).
   397 | D:4      | Reached skill level 3 in Axes
   397 | D:4      | Reached XP level 3. HP: 12/23 MP: 3/3
   656 | D:4      | 656 ||| READING scroll labelled FISUEL VUTHRIF.
   761 | D:3      | 761 ||| Stepping ~*~*~tactically~*~*~ (stealth).
   763 | D:3      | 763 ||| Stepping ~*~*~tactically~*~*~ (hiding).
   777 | D:3      | Reached skill level 4 in Axes
   777 | D:3      | Reached XP level 4. HP: 16/28 MP: 4/4
   925 | D:3      | 925 ||| Stepping ~*~*~tactically~*~*~ (stealth).
   927 | D:3      | 927 ||| Stepping ~*~*~tactically~*~*~ (stealth).
   930 | D:3      | 930 ||| Stepping ~*~*~tactically~*~*~ (stealth).
   931 | D:3      | 931 ||| Stepping ~*~*~tactically~*~*~ (stealth).
   959 | D:3      | Reached skill level 1 in Armour
  1185 | D:3      | 1185 ||| Stepping ~*~*~tactically~*~*~ (stealth).
  1190 | D:3      | 1190 ||| Stepping ~*~*~tactically~*~*~ (stealth).
  1193 | D:3      | 1193 ||| Stepping ~*~*~tactically~*~*~ (stealth).
  1298 | D:3      | Found a basalt altar of Yredelemnul.
  1350 | D:3      | 1350 ||| Stepping ~*~*~tactically~*~*~ (stealth).
  1352 | D:3      | 1352 ||| Stepping ~*~*~tactically~*~*~ (stealth).
  1447 | D:3      | 1447 ||| Stepping ~*~*~tactically~*~*~ (stealth).
  1489 | D:3      | 1489 ||| Stepping ~*~*~tactically~*~*~ (stealth).
  1493 | D:3      | 1493 ||| Stepping ~*~*~tactically~*~*~ (stealth).
  1494 | D:3      | 1494 ||| Stepping ~*~*~tactically~*~*~ (stealth).
  1495 | D:3      | 1495 ||| Stepping ~*~*~tactically~*~*~ (stealth).
  1678 | D:3      | 1678 ||| DROPPING +0 whip.
  1801 | D:3      | 1801 ||| READING scroll labelled YSTEUMOODES.
  1802 | D:3      | 1802 ||| READING scroll labelled FASYLEQ QINK.
  1988 | D:2      | Reached XP level 5. HP: 32/32 MP: 5/5
  2018 | D:2      | Noticed Sigmund
  2026 | D:2      | Killed Sigmund
  2027 | D:2      | Reached skill level 5 in Axes
  2027 | D:2      | Reached XP level 6. HP: 18/37 MP: 6/6
  2359 | D:2      | 2359 ||| DROPPING amulet of magic regeneration.
  2360 | D:2      | 2360 ||| READING scroll labelled LUFFATTOLUB.
  2408 | D:1      | 2408 ||| Stepping ~*~*~tactically~*~*~ (stealth).
  2410 | D:1      | 2410 ||| Stepping ~*~*~tactically~*~*~ (stealth).
  2412 | D:1      | 2412 ||| Stepping ~*~*~tactically~*~*~ (stealth).
  2421 | D:1      | 2421 ||| Stepping ~*~*~tactically~*~*~ (stealth).
  2423 | D:1      | 2423 ||| Stepping ~*~*~tactically~*~*~ (stealth).
  2803 | D:1      | 2803 ||| Stepping ~*~*~tactically~*~*~ (stealth).
  2807 | D:1      | 2807 ||| Stepping ~*~*~tactically~*~*~ (stealth).
  2916 | D:1      | Found a faded altar of an unknown god.
  2929 | D:1      | 2929 ||| Stepping ~*~*~tactically~*~*~ (stealth).
  3319 | D:1      | 3319 ||| READING scroll labelled GUH BITTATWA.
  3320 | D:1      | 3320 ||| DRINKING 2 cyan potions.
  3523 | D:2      | Identified the +0 robe "Dabiqott" {-Tele rF+ rN+++ Int+2}
  3535 | D:2      | You fall into a shaft and drop 1 floor!
  3556 | D:3      | 3556 ||| READING 3 scrolls of identify.
  3556 | D:3      | 3556 ||| IDENTIFYING glowing purple potion
  3557 | D:3      | 3557 ||| READING 2 scrolls of identify.
  3557 | D:3      | 3557 ||| IDENTIFYING red potion
  3558 | D:3      | 3558 ||| DROPPING potion of berserk rage.
  3559 | D:3      | 3559 ||| DROPPING potion of flight.
  3945 | D:2      | Noticed Jessica
  3946 | D:2      | 3946 ||| Stepping ~*~*~tactically~*~*~ (hiding).
  4048 | D:2      | 4048 ||| Stepping ~*~*~tactically~*~*~ (hiding).
  4150 | D:2      | 4150 ||| Stepping ~*~*~tactically~*~*~ (hiding).
  4252 | D:2      | 4252 ||| Stepping ~*~*~tactically~*~*~ (hiding).
  4354 | D:2      | 4354 ||| Stepping ~*~*~tactically~*~*~ (hiding).
  4456 | D:2      | 4456 ||| Stepping ~*~*~tactically~*~*~ (hiding).
  4558 | D:2      | 4558 ||| Stepping ~*~*~tactically~*~*~ (hiding).
  4660 | D:2      | 4660 ||| Stepping ~*~*~tactically~*~*~ (hiding).
  4764 | D:2      | Killed Jessica
  4949 | D:2      | Noticed Natasha
  4950 | D:2      | 4950 ||| Stepping ~*~*~tactically~*~*~ (hiding).
  5052 | D:2      | 5052 ||| Stepping ~*~*~tactically~*~*~ (hiding).
  5061 | D:2      | Killed Natasha
  5062 | D:2      | Reached skill level 6 in Axes
  5321 | D:2      | 5321 ||| READING scroll labelled ELLI LIULIRCH.
  5322 | D:2      | 5322 ||| READING scroll labelled ZIEGADEIMU.
  5323 | D:2      | 5323 ||| DRINKING 2 bubbling purple potions.
  5324 | D:2      | 5324 ||| DROPPING potion of invisibility.
  5349 | D:3      | 5349 ||| Stepping ~*~*~tactically~*~*~ (stealth).
  5411 | D:3      | Found Gozag's Platinum Reserve.
  5418 | D:3      | Found an opulent altar of Gozag.
  5467 | D:3      | 5467 ||| SHOPLISTING +1 robe of Fortitude {rPois rF+ Int+2}
                  | (2810 gold, have 96).
  5467 | D:3      | 5467 ||| SHOPLISTING amulet "Cogunt" {Reflect rC+ Will-
                  | rCorr SH+5} (4540 gold, have 96).
  5467 | D:3      | 5467 ||| SHOPLISTING ring "Fubim" {rN+ rCorr Int+6} (5280
                  | gold, have 96).
  5479 | D:3      | Found a blossoming altar of Fedhas.
  5498 | D:3      | Noticed an oklob plant
  5499 | D:3      | 5499 ||| Stepping ~*~*~tactically~*~*~ (stealth).
  5501 | D:3      | 5501 ||| Stepping ~*~*~tactically~*~*~ (stealth).
  5503 | D:3      | 5503 ||| Stepping ~*~*~tactically~*~*~ (stealth).
  5505 | D:3      | 5505 ||| Stepping ~*~*~tactically~*~*~ (stealth).
  5967 | D:3      | Found a glowing golden altar of the Shining One.
  5969 | D:3      | Noticed an angel
  6162 | D:3      | 6162 ||| READING scroll labelled MADEBR PODU.
  6163 | D:3      | 6163 ||| READING scroll labelled UCLOMUFEAG.
  6163 | D:3      | Identified a scroll of acquirement
  6163 | D:3      | 6163 ||| ACQUIRING amulet "Okhoebij" {Spirit Fly rC+}
  6163 | D:3      | Acquired the amulet "Okhoebij" {Spirit Fly rC+}
  6165 | D:3      | 6165 ||| UPGRADING to amulet "Okhoebij" {Spirit Fly rC+}.
  6170 | D:3      | 6170 ||| READING 2 scrolls of identify.
  6170 | D:3      | 6170 ||| IDENTIFYING brown potion
  6280 | D:4      | 6280 ||| Stepping ~*~*~tactically~*~*~ (hiding).
  6282 | D:4      | 6282 ||| Stepping ~*~*~tactically~*~*~ (hiding).
  6283 | D:4      | 6283 ||| Stepping ~*~*~tactically~*~*~ (hiding).
  6284 | D:4      | 6284 ||| Stepping ~*~*~tactically~*~*~ (hiding).
  6285 | D:4      | 6285 ||| Stepping ~*~*~tactically~*~*~ (hiding).
  6293 | D:4      | Reached XP level 7. HP: 27/43 MP: 3/7
  6303 | D:4      | HP: 7/43 [gnoll/+0 spear[a gnoll bouda] (4)]
  6304 | D:4      | 6304 ||| READING 2 scrolls of teleportation.
  6309 | D:4      | 6309 ||| READING scroll of teleportation.
  6310 | D:4      | HP: 6/43 [kobold/+0 dagger (1)]
  6363 | D:4      | 6363 ||| Stepping ~*~*~tactically~*~*~ (stealth).
  6364 | D:4      | 6364 ||| Stepping ~*~*~tactically~*~*~ (stealth).
  6769 | D:4      | 6769 ||| Stepping ~*~*~tactically~*~*~ (stealth).
  7054 | D:4      | 7054 ||| Stepping ~*~*~tactically~*~*~ (stealth).
  7056 | D:4      | 7056 ||| Stepping ~*~*~tactically~*~*~ (stealth).
  7079 | D:4      | Found a snail-covered altar of Cheibriados.
  7206 | D:4      | 7206 ||| Stepping ~*~*~tactically~*~*~ (stealth).
  7213 | D:4      | 7213 ||| DRINKING 2 potions of curing.
  7213 | D:4      | 7213 ||| (to cure confusion)
  7218 | D:4      | HP: 10/43 [orc priest/divine providence (12)]
  7221 | D:4      | HP: 4/43 [orc priest/+0 club (1)]
  7222 | D:4      | HP: 1/43 [orc priest/+0 trident (3)]
  7223 | D:4      | Reached skill level 7 in Axes
  7225 | D:4      | Slain by an orc priest

Levels and vault maps discovered:
D:1:      eino_arrival_water_cross, layout_loops_ring, serial_glass,
          glass_columns_a, glass_columns_a, hellmonk_ecumenical_altar_dog_temple
D:2:      layout_basic, patterned_corridor, uniq_natasha, uniq_jessica,
          uniq_sigmund
D:3:      layout_loops_corners, grunt_temple_overflow_holy_war, tgw_fedhas,
          nicolae_gozag_zags_fifth_avenue, grunt_decor_one_mirror,
          mrwooster_statue_mirror
D:4:      layout_loops_corners, slow_altar_2
D:5:      layout_basic

Skill      XL: |  1  2  3  4  5  6  7 |
---------------+----------------------+-----
Axes           | 2 3 4 5 6 7 |  7.0
Armour         | 1 |  1.0
Fighting       | 4 |  4.0
Dodging        | |  1.5
Stealth        | |  5.4

Action                   |  1- 3 |  4- 6 |  7- 9 || total
-------------------------+-------+-------+-------++-------
Melee: Hand axe          |    12 |       |       ||    12
       War axe           |    50 |   228 |    83 ||   361
       Punch             |       |     1 |       ||     1
  Use: Scroll            |     2 |    11 |     2 ||    15
       Potion            |       |     2 |     1 ||     3
 Stab: Sleeping          |       |     1 |       ||     1
Armor: Leather armour    |     9 |       |       ||     9
       Ring mail         |    18 |    84 |    30 ||   132
Dodge: Dodged            |    38 |   117 |    45 ||   200

Table legend:
 A = Non-vault XP
 B = Vault XP
 C = Vault XP percentage of total XP
 D = Non-vault monster count
 E = Vault monster count
 F = Vault count percentage of total count
                 A         B        C        D         E       F
            +---------+---------+-------+---------+---------+-------
      Total |     552 |     320 |  36.7 |     102 |       6 |   5.6
            +---------+---------+-------+---------+---------+-------
        D:1 |      49 |       4 |   7.5 |      28 |       2 |   6.7
        D:2 |      45 |     298 |  86.9 |      18 |       3 |  14.3
        D:3 |     107 |       0 |   0.0 |      23 |       0 |   0.0
        D:4 |     340 |      18 |   5.0 |      28 |       1 |   3.4
        D:5 |      11 |       0 |   0.0 |       5 |       0 |   0.0
            +---------+---------+-------+---------+---------+-------
